 Dungeon Crawl Stone Soup version 0.18.1-2-ga659475 (webtiles) character file.

11178 barb4r1an the Destroyer (level 11, -4/92 HPs)
             Began as a Green Draconian Conjurer on May 8, 2016.
             Was an Elder of Vehumet.
             Slain by a river rat (7 damage)
             ... on level 1 of the Lair of Beasts.
             The game lasted 00:40:22 (15871 turns).

barb4r1an the Destroyer (Green Draconian Conjurer) Turns: 15871, Time: 00:40:22

Health: -4/92      AC: 12    Str: 11    XL:     11   Next: 45%
Magic:  1/24       EV: 15    Int: 19    God:    Vehumet [****..]
Gold:   584        SH:  0    Dex: 11    Spells: 4 memorised, 16 levels left

rFire  . . .     SeeInvis .     c - staff of wizardry
rCold  . . .     Gourm    .     (armour unavailable)
rNeg   . . .     Faith    .     (no shield)
rPois  +         Spirit   .     (helmet restricted)
rElec  .         Dismiss  .     I - +2 cloak {rPois}
rCorr  .         Reflect  .     j - +0 pair of gloves
SustAt +         Harm     .     x - +0 pair of boots
MR     .....                    v - amulet of rage
Stlth  ++........               (no ring)
                                s - ring of sustain attributes

@: not resistant to hostile enchantments, unstealthy
A: breathe noxious fumes, unfitting armour, stinger 1, poison resistance,
cold-blooded, AC +7
a: Breathe Noxious Fumes, Renounce Religion, Evoke Berserk Rage


You were on level 1 of the Lair of Beasts.
You worshipped Vehumet.
Vehumet was greatly pleased with you.
You were not hungry.

You visited 2 branches of the dungeon, and saw 13 of its levels.

You collected 705 gold pieces.
You spent 121 gold pieces at shops.

Inventory:

Hand Weapons
 i - a +0 dagger of speed
Armour
 j - a +0 pair of gloves (worn)
 x - a +0 pair of boots (worn)
 I - a +2 cloak of poison resistance (worn)
Magical Staves
 c - an uncursed staff of wizardry (weapon)
Jewellery
 s - a ring of sustain attributes (left hand)
 v - an amulet of rage (around neck)
Wands
 l - a wand of slowing (32/48)
 u - a wand of lightning (5/15)
 L - a wand of flame (16/48)
 N - a wand of slowing (39/48)
 P - a wand of teleportation (1/9)
 Q - a wand of random effects (15/48)
 R - a wand of lightning (7/15)
 W - a wand of acid (12/15)
Scrolls
 k - 2 scrolls of enchant weapon
 n - 2 scrolls of immolation
 o - 2 scrolls of teleportation
 q - 3 scrolls of recharging
 t - 2 scrolls of fear
 A - a scroll of brand weapon {unknown}
 C - a scroll of magic mapping
 D - 2 scrolls of amnesia {unknown}
 G - 4 scrolls of blinking {unknown}
 T - a scroll of silence {unknown}
 V - a scroll of random uselessness {unknown}
Potions
 d - 5 potions of haste
 e - 4 potions of agility
 h - 3 potions of ambrosia
 m - 5 potions of might
 r - 4 potions of degeneration
 w - 2 potions of lignification
 z - 2 potions of curing
 B - a potion of heal wounds
 E - 2 potions of cancellation {unknown}
 F - a potion of flight
 X - 2 potions of brilliance {unknown}
Books
 a - a book of Conjurations

   Spells                             Type                      Level
   a - Magic Dart                     Conjuration                  1
   b - Searing Ray                    Conjuration                  2
   c - Dazzling Spray                 Conjuration/Hexes            3
   d - Fulminant Prism                Conjuration/Hexes            4
   e - Iskenderun's Mystic Blast      Conjuration                  4
   f - Iskenderun's Battlesphere      Conjuration/Charms           5
 J - a book of Geomancy

   Spells                             Type                      Level
   a - Sandblast                      Earth                        1
   b - Passwall                       Transmutation/Earth          2
   c - Stone Arrow                    Conjuration/Earth            3
   d - Petrify                        Transmutation/Earth          4
   e - Lee's Rapid Deconstruction     Earth                        5
 S - Izxeq's Catalogue of Helpful Companions
   (You found it on level 11 of the Dungeon)

   Spells                             Type                      Level
   a - Infusion                       Charms                       1
   b - Shroud of Golubria             Charms/Translocation         2
   c - Regeneration                   Charms/Necromancy            3
   d - Summon Demon                   Summoning                    5
   e - Dragon's Call                  Summoning                    9
Comestibles
 b - 7 bread rations
 f - 7 meat rations
 g - 34 fruits
 p - a beef jerky
 O - a slice of pizza
 U - a royal jelly


   Skills:
 + Level 7.3 Fighting
 + Level 6.1 Staves
 + Level 7.2 Dodging
 - Level 1.8 Stealth
 * Level 9.4 Spellcasting
 * Level 10.4 Conjurations


You had 16 spell levels left.
You knew the following spells:

 Your Spells              Type           Power        Failure   Level  Hunger
a - Magic Dart            Conj           ####         1%          1    None
b - Searing Ray           Conj           #####.       1%          2    None
c - Iskenderun's Mystic   Conj           #####...     1%          4    ###....
d - Iskenderun's Battles  Conj/Chrm      ####....     3%          5    #####..


Dungeon Overview and Level Annotations

Branches:
Dungeon (11/15)            Temple (0/1) D:4            Lair (2/8) D:9
    Orc (0/2) D:11

Altars:
Ashenzari
Elyvilon
Gozag
Nemelex Xobeh
Okawaru
Vehumet
Yredelemnul
Zin
The Shining One
Beogh

Shops:
D:8 [


Innate Abilities, Weirdness & Mutations

You can breathe blasts of noxious fumes.
Your lurid green scales are hard (AC +7).
Your body does not fit into most forms of armour.
Your system is resistant to poisons.
You are cold-blooded and may be slowed by cold attacks.
Your tail ends in a poisonous barb.


Message History

You don't have enough magic to cast that spell.
Casting: Magic Dart
Confirm with . or Enter, or press ? or * to list all spells.
You don't have enough magic to cast that spell.
Casting: Magic Dart
Confirm with . or Enter, or press ? or * to list all spells.
You don't have enough magic to cast that spell.
Casting: Magic Dart
Confirm with . or Enter, or press ? or * to list all spells.
You don't have enough magic to cast that spell.
The river rat closely misses you. The river rat barely misses you.
The river rat bites you but does no damage.
The river rat closely misses you.
The river rat bites you but does no damage.
The river rat misses you. x2
The river rat bites you but does no damage.
The river rat bites you but does no damage. x2
The river rat misses you. The river rat completely misses you.
The river rat bites you!
You die...

### ### ### #### #####
###.######P####P#####PP####.#.###
.................................
....##..##........#.####......###
....###.##........#.....#.....P#
....##...#........#.....+.....###
....##........................# #
....##...P#.....rr#...........###
.........##.....@r+.....#........
....#######......r......#.....#.#
....##.####.......#.....#.....###
..................#.).........###
..................###..#......##.
.........................(.......
....................[............
.................................
.................###.#####.......


You could see 4 river rats.

Vanquished Creatures
  Pikel (D:8)
  A cyclops (D:11)
  Psyche (D:8)
  A gargoyle (D:11)
  2 spiny frogs (Lair:1)
  2 komodo dragons
  A wind drake (shapeshifter) (D:10)
  3 trolls
  A two-headed ogre (D:10)
  3 blink frogs (Lair:1)
  6 yaks
  2 hippogriffs
  A water moccasin (Lair:1)
  2 porcupines (Lair:1)
  2 orc warriors (D:11)
  3 sky beasts
  5 black bears
  3 slaves (D:8)
  An ice beast (D:8)
  A necrophage (D:10)
  2 phantoms (D:9)
  3 centaurs
  4 wolves (D:9)
  2 ogres
  4 crocodiles
  2 big kobolds
  9 giant frogs
  3 killer bees (D:7)
  5 wights (D:5)
  3 electric eels (D:9)
  3 howler monkeys
  3 crimson imps
  A centaur zombie (D:7)
  2 giant frog skeletons
  6 jellies
  2 centaur skeletons
  12 hounds
  4 orc priests
  9 orc wizards
  Jessica (D:2)
  3 iguanas
  4 worker ants
  7 sheep (Lair:1)
  A hound zombie (D:5)
  A hound skeleton (D:7)
  A mummy (D:5)
  A worker ant zombie (D:5)
  Robin (D:2)
  A howler monkey skeleton (D:4)
  12 adders
  10 river rats (Lair:1)
  2 shadow imps
  An adder zombie (D:5)
  An adder skeleton (D:5)
  3 worms
  2 dart slugs
  5 giant geckos
  29 orcs
  6 bats
  5 giant cockroaches
  14 goblins
  11 hobgoblins
  2 jackals (D:6)
  13 kobolds
  2 quokkas
  5 ball pythons
  A giant gecko skeleton (D:4)
  5 giant newts
  A hobgoblin zombie (D:5)
  3 orc zombies (D:5)
  5 rats
280 creatures vanquished.

Vanquished Creatures (others)
  A centaur (D:8)
  An adder (D:8)
2 creatures vanquished.

Grand Total: 282 creatures vanquished

Notes
Turn   | Place    | Note
--------------------------------------------------------------
     0 | D:1      | barb4r1an the Draconian Conjurer began the quest for the Orb.
     0 | D:1      | Reached XP level 1. HP: 14/14 MP: 3/3
   493 | D:1      | Reached XP level 2. HP: 19/20 MP: 5/5
   497 | D:1      | Learned a level 2 spell: Searing Ray
  1080 | D:2      | Reached XP level 3. HP: 18/26 MP: 0/6
  1330 | D:2      | Noticed Jessica
  2210 | D:2      | Killed Jessica
  2210 | D:2      | Reached XP level 4. HP: 33/33 MP: 2/8
  2304 | D:3      | Learned a level 4 spell: Iskenderun's Mystic Blast
  2329 | D:3      | Found an iron altar of Okawaru.
  2399 | D:3      | Found a radiant altar of Vehumet.
  2400 | D:3      | Found a glowing golden altar of the Shining One.
  2408 | D:3      | Became a worshipper of Vehumet
  2434 | D:3      | Noticed Robin
  2663 | D:2      | Killed Robin
  2856 | D:3      | Reached skill level 5 in Conjurations
  2876 | D:3      | Found a faded altar to an unknown god.
  3278 | D:3      | Reached XP level 5. HP: 30/38 MP: 1/9
  3883 | D:4      | Reached * piety under Vehumet
  3883 | D:4      | Offered knowledge of Sting by Vehumet.
  4081 | D:4      | Reached XP level 6. HP: 41/45 MP: 3/11
  4280 | D:4      | Found a staircase to the Ecumenical Temple.
  4410 | D:4      | Found a sparkling altar of Nemelex Xobeh.
  4410 | D:4      | Found an opulent altar of Gozag.
  4496 | D:5      | Entered Level 5 of the Dungeon
  4709 | D:5      | Reached skill level 1 in Fighting
  5264 | D:5      | Your scales start taking on a lurid green colour.
  5264 | D:5      | Reached XP level 7. HP: 49/55 MP: 5/13
  5264 | D:5      | Gained mutation: Your system is resistant to poisons. [Green Draconian growth]
  5579 | D:5      | Reached skill level 6 in Conjurations
  6248 | D:6      | Reached skill level 1 in Staves
  6518 | D:6      | Reached skill level 5 in Spellcasting
  6518 | D:6      | Reached XP level 8. HP: 34/63 MP: 8/15
  6724 | D:6      | Offered knowledge of Throw Frost by Vehumet.
  6781 | D:6      | Learned a level 5 spell: Iskenderun's Battlesphere
  6874 | D:6      | Found a basalt altar of Yredelemnul.
  6954 | D:6      | Found a white marble altar of Elyvilon.
  7248 | D:7      | Reached ** piety under Vehumet
  7732 | D:7      | Reached skill level 7 in Conjurations
  8428 | D:8      | Found a glowing silver altar of Zin.
  8433 | D:8      | Noticed Pikel
  8564 | D:8      | Killed Pikel
  8564 | D:8      | Reached skill level 5 in Dodging
  8564 | D:8      | Reached XP level 9. HP: 22/72 MP: 3/18
  8922 | D:8      | Found Ronuekuc's Antique Armour Shop.
  8927 | D:8      | Bought a glowing cloak for 121 gold pieces
  9361 | D:8      | Reached skill level 8 in Conjurations
  9366 | D:8      | Reached skill level 5 in Fighting
  9375 | D:8      | Gained mutation: Your tail ends in a poisonous barb. [mutagenic meat]
  9449 | D:8      | Offered knowledge of Static Discharge by Vehumet.
  9527 | D:8      | Noticed Psyche
  9537 | D:8      | Killed Psyche
 10107 | D:9      | Reached *** piety under Vehumet
 10263 | D:9      | Reached XP level 10. HP: 83/83 MP: 12/21
 10597 | D:9      | Found a staircase to the Lair.
 10788 | D:9      | Reached skill level 9 in Conjurations
 10793 | D:9      | Offered knowledge of Inner Flame by Vehumet.
 11247 | D:9      | Found a shattered altar of Ashenzari.
 11529 | D:10     | Entered Level 10 of the Dungeon
 12233 | D:10     | Reached skill level 5 in Staves
 12720 | D:11     | Noticed a cyclops
 12727 | D:11     | Killed a cyclops
 13051 | D:11     | Reached **** piety under Vehumet
 13150 | D:11     | Found a staircase to the Orcish Mines.
 13303 | D:11     | Found a roughly hewn altar of Beogh.
 13340 | D:11     | Identified Izxeq's Catalogue of Helpful Companions
 13362 | D:11     | Noticed a gargoyle
 13367 | D:11     | Offered knowledge of Airstrike by Vehumet.
 13379 | D:11     | Killed a gargoyle
 13822 | D:11     | Reached XP level 11. HP: 87/91 MP: 18/23
 14270 | Lair:1   | Entered Level 1 of the Lair of Beasts
 14277 | Lair:1   | Reached skill level 10 in Conjurations
 15839 | Lair:1   | HP: 4/92 [spiny frog (10)]
 15867 | Lair:1   | HP: 2/92 [river rat (5)]
 15871 | Lair:1   | Slain by a river rat

Skill      XL: |  1  2  3  4  5  6  7  8  9 10 11 |
---------------+----------------------------------+-----
Dodging        | 2 3 4 5 6 7 |  7.2
Spellcasting   | 3 4 5 6 7 8 9 |  9.4
Conjurations   | 5 6 7 8 9 10 | 10.4
Fighting       | 2 3 4 5 6 7 |  7.3
Staves         | 1 3 4 5 6 |  6.1
Stealth        | |  1.8

Action                   |  1- 3 |  4- 6 |  7- 9 | 10-12 || total
-------------------------+-------+-------+-------+-------++-------
Melee: Whip              |   141 |    33 |       |       ||   174
       Tailslap          |    11 |    14 |     6 |    11 ||    42
       Dagger            |       |    55 |    19 |       ||    74
       Staff             |       |       |    34 |    51 ||    85
 Cast: Magic Dart        |    19 |    64 |   180 |   255 ||   518
       Searing Ray       |     5 |    22 |    49 |    35 ||   111
       Iskenderun's Myst |       |     1 |     8 |    10 ||    19
       Iskenderun's Batt |       |       |       |    34 ||    34
 Abil: Breathe Noxious F |       |       |     4 |     2 ||     6
  Use: Potion            |     1 |       |       |     2 ||     3
       Scroll            |       |     6 |     3 |     9 ||    18
 Stab: Sleeping          |     3 |     1 |       |     1 ||     5
       Confused          |       |       |       |     3 ||     3
  Eat: Chunk             |     5 |     9 |     7 |     8 ||    29
       Bread ration      |       |       |     3 |     4 ||     7
Armor: Skin              |    65 |    50 |    60 |    74 ||   249
Dodge: Dodged            |   119 |    99 |    94 |   136 ||   448
